 Dungeon Crawl Stone Soup version 0.30.1-4-g462c640d31 (webtiles) character file.

Game seed: 16590295364015115324

72 Heoruswealwe the Trooper (level 3, 0/31 HPs)
             Began as a Demigod Fighter on Aug 15, 2023.
             Succumbed to a kobold's poison
             ... on level 2 of the Dungeon.
             The game lasted 00:07:15 (801 turns).

Heoruswealwe the Trooper (Demigod Fighter)           Turns: 801, Time: 00:07:15

Health: 0/31       AC:  6    Str: 21    XL:     3   Next: 82%
Magic:  5/5        EV:  9    Int: 10    God:
Gold:   36         SH:  4    Dex: 13    Spells: 2/2 levels left

rFire   . . .        a - +0 war axe
rCold   . . .        d - +0 buckler
rNeg    . . .        c - +0 scale mail
rPois   .            (no helmet)
rElec   .            (no cloak)
rCorr   .            (no gloves)
SInv    .            (no boots)
Will    .....        (no amulet) Stlth
                     (no ring)
HPRegen 0.25/turn    (no ring)
MPRegen 0.09/turn

%: no passive effects
@: lethally poisoned (0 -> -9), hasted, very quick
A: high MP 1, forlorn, divine attributes
a: no special abilities


You were on level 2 of the Dungeon.
You visited 1 branch of the dungeon, and saw 2 of its levels.

You collected 36 gold pieces.

Inventory:

Hand Weapons
 a - a +0 war axe (weapon)
Armour
 c - a +0 scale mail (worn)
 d - a +0 buckler (worn)
Wands
 j - a wand of flame (20)
Scrolls
 k - a scroll of vulnerability {unknown}
Potions
 b - a potion of might
 f - a potion of flight {unknown}
 g - a potion of attraction {unknown}
 h - a potion of heal wounds {unknown}
 i - a potion of brilliance {unknown}


   Skills:
 + Level 3.2 Fighting
 + Level 2.4 Axes
 + Level 3.2 Armour
 + Level 3.2 Shields


You had 2 spell levels left.
You didn't know any spells.
Your spell library contained the following spells:

 Spells                   Type           Power      Damage    Failure   Level
 Lesser Beckoning         Tloc           0%         N/A       88%         2
 Gell's Gravitas          Tloc           0%         N/A       98%         3
 Teleport Other           Tloc           0%         N/A       98%         3


Dungeon Overview and Level Annotations

Branches:
Dungeon (2/15)


Innate Abilities, Weirdness & Mutations

You have an increased reservoir of magic. (+10% MP)
You shall have no god before yourself.
Your divine heritage dramatically boosts your attributes as you level up.


Message History

6 curare-tipped darts; a +0 scale mail; a +0 club
Things that are here:
a +0 leather armour; a +0 dagger A kobold comes into view.
It is wielding a +1 short sword of venom.
The kobold shouts!
Found a sling.
Found a stone staircase leading up.
The kobold hits you with a +1 short sword of venom.
You are poisoned.
You hit the kobold.
The kobold is moderately wounded.
You feel very sick. The kobold barely misses you.
You barely miss the kobold.
The kobold is moderately wounded.
You feel sick. The kobold closely misses you.
The kobold hits you with a +1 short sword of venom.
You are more poisoned.
You closely miss the kobold.
The kobold is moderately wounded.
You feel very sick. The kobold barely misses you.
You barely miss the kobold.
The kobold is moderately wounded.
You feel very sick. You block the kobold's attack.
The kobold hits you with a +1 short sword of venom.
You are lethally poisoned!
You hit the kobold but do no damage.
The kobold is moderately wounded.
* * * LOW HITPOINT WARNING * * *
You feel very sick. The kobold barely misses you.
You closely miss the kobold.
The kobold is moderately wounded.
* * * LOW HITPOINT WARNING * * *
You feel very sick. The kobold barely misses you.
It was a potion of haste.
You feel yourself speed up.
You die...

#........).....
#.#.......)#...
###.##......#....
#...#########....
##.### #.... #..#
.... #.## ....
#.# #... #@# #..
#K# #.. ....
..... ...)...
<......#
.......##


You could see a kobold.

Vanquished Creatures
  An orc priest (D:2)
  An adder (D:2)
  A dart slug (D:1)
  3 orcs (D:2)
  4 ball pythons (D:1)
  2 endoplasms
  2 giant cockroaches (D:1)
  3 goblins
  2 hobgoblins (D:1)
  2 quokkas (D:1)
  5 bats
  3 frilled lizards
29 creatures vanquished.

Notes
Turn   | Place    | Note
-------+----------+-------------------------------------------
     0 | D:1      | Heoruswealwe the Demigod Fighter began the quest for the
                  | Orb.
     0 | D:1      | Reached XP level 1. HP: 18/18 MP: 3/3
   356 | D:1      | Reached XP level 2. HP: 20/25 MP: 4/4
   699 | D:2      | Reached XP level 3. HP: 27/31 MP: 5/5
   801 | D:2      | Succumbed to a kobold's poison

Illustrated notes

Levels and vault maps discovered:
D:1:      zelgadis_glass_arrival_small, layout_basic
D:2:      layout_rooms

Skill      XL: |  1  2 |
---------------+-------+-----
Axes           | 2 |  2.4
Fighting       | 3 |  3.2
Armour         | 3 |  3.2
Shields        | 3 |  3.2

Action                     || total
---------------------------++-------
  Melee: War axe           ||    78
    Use: Potion            ||     1
 Armour: Scale mail        ||    33
  Dodge: Dodged            ||    44
  Block: Buckler           ||    18
